 Dungeon Crawl Stone Soup version 0.15-a0-2165-g9981db6 (webtiles) character file.

3528 MDvedh the Grappler (level 10, -5/78 (80) HPs)
             Began as a Ghoul Ice Elementalist on July 20, 2014.
             Was an Elder of Makhleb.
             Slain by a troll (17 damage)
             ... on Level 9 of the Dungeon.
             The game lasted 00:18:25 (7736 turns).

MDvedh the Grappler (Ghoul Ice Elementalist)        Turns: 7736, Time: 00:18:25

HP  -5/78 (80)   AC 14     Str 16      XL: 10   Next:  8%
MP   8/11        EV 11     Int 10      God: Makhleb [****..]
Gold 571         SH  0     Dex 11      Spells:  2 memorised,  8 levels left

rFire  . . .     SeeInvis .       - Unarmed
rCold  + . .     Clarity  .     l - +1 troll leather armour
rNeg   + + +     rCorr    .     (no shield)
rPois  +         rRot     +     n - +1 helmet
rElec  .         Spirit   .     v - +0 cloak
SustAb .         Warding  .     (no gloves)
rMut   .         Stasis   .     (no boots)
Saprov + + +                    d - amulet of faith
MR     .....                    (no ring)
                                u - +2 ring of dexterity

@: icy armour, rotting, not resistant to hostile enchantments, unstealthy
A: rotting body, claws 1, carnivore 3, cold resistance 1, negative energy
resistance 3, poison resistance, saprovore 3, slow healing 1, torment
resistance, unbreathing
a: Minor Destruction, Lesser Servant of Makhleb, Major Destruction, Renounce
Religion


You were on level 9 of the Dungeon.
You worshipped Makhleb.
Makhleb was greatly pleased with you.
You were not hungry.

You visited 2 branches of the dungeon, and saw 10 of its levels.

You collected 571 gold pieces.

Inventory:

Armour
 l - a +1 troll leather armour (worn)
 n - a +1 helmet (worn)
 v - a +0 cloak (worn)
Magical devices
 i - a wand of flame (0)
 w - a wand of frost (3)
 y - a wand of invisibility (2)
Comestibles
 g - 5 meat rations
 A - a royal jelly
Scrolls
 f - a scroll of amnesia
 h - 3 scrolls of remove curse
 s - a scroll of blinking
 z - a scroll of fog {unknown}
 C - a scroll of vulnerability {unknown}
 D - a scroll of teleportation {unknown}
Jewellery
 d - an amulet of faith (around neck)
 u - a +2 ring of dexterity (left claw)
 x - an uncursed amulet of resist mutation {unknown}
Potions
 a - 2 potions of haste
 c - a potion of agility
 e - a potion of invisibility
 j - a potion of lignification
 k - a potion of restore abilities
 m - a potion of confusion {unknown}
 p - a potion of cancellation
 q - a potion of might
 r - a potion of degeneration {unknown}
 t - a potion of curing
Books
 b - a book of Frost

   Spells                             Type                      Level
   *Freeze                            Ice                          1
   Throw Frost                        Conjuration/Ice              2
   *Ozocubu's Armour                  Charms/Ice                   3
   Throw Icicle                       Conjuration/Ice              4
   Summon Ice Beast                   Ice/Summoning                4
   Condensation Shield                Ice                          4
 o - a book of the Warp

   Spells                             Type                      Level
   Control Teleport                   Charms/Translocation         4
   Phase Shift                        Translocation                5
   Warp Weapon                        Charms/Translocation         5
   Dispersal                          Translocation                6
   Controlled Blink                   Translocation                7
   Disjunction                        Translocation                8
 B - a book of Envenomations

   Spells                             Type                      Level
   Spider Form                        Transmutation/Poison         3
   Alistair's Intoxication            Transmutation/Poison         4
   Olgreb's Toxic Radiance            Poison                       4
   Poisonous Cloud                    Conjuration/Poison/Air       6


   Skills:
 + Level 4.4 Fighting
 - Level 2.1 Armour
 - Level 1.7 Dodging
 - Level 2.1 Stealth
 * Level 12.1 Unarmed Combat
 - Level 1.7 Spellcasting
   Level 0.7 Conjurations
 - Level 5.0 Charms
 + Level 4.8 Ice Magic


You had 8 spell levels left.
You knew the following spells:

 Your Spells              Type           Power        Failure   Level  Hunger
a - Freeze                Ice            ##..         6%          1    ##.....
b - Ozocubu's Armour      Chrm/Ice       ##........   14%         3    ####...


Dungeon Overview and Level Annotations

Branches:
Dungeon (9/15)             Temple (1/1) D:5            Lair (0/8) D:8
    Orc: D:9-12

Altars:
Ashenzari
Cheibriados
Dithmenos
Elyvilon
Fedhas
Kikubaaqudgha
Makhleb
Nemelex Xobeh
Okawaru
Qazlal
Sif Muna
Vehumet
Xom
Yredelemnul
Zin
The Shining One


Innate Abilities, Weirdness & Mutations

Your body is rotting away.
You have sharp fingernails.
You are carnivorous and can eat meat at any time.
Your flesh is cold resistant.
You are immune to negative energy.
Your system is resistant to poisons.
You thrive on rotten meat.
You heal slowly when monsters are visible.
You are immune to unholy pain and torment.
You can survive without breathing.


Message History

You closely miss the troll.
The troll is severely wounded.
The troll is no longer bleeding.
You claw the troll!
The troll begins to bleed from its wounds!
The troll is severely wounded.
The troll bites you but does no damage. The troll claws you.
* * * LOW HITPOINT WARNING * * *
The troll barely misses you.
Casting: Ozocubu's Armour
Confirm with . or Enter, or press ? or * to list all spells.
You don't know that spell.
Casting: Ozocubu's Armour
Confirm with . or Enter, or press ? or * to list all spells.
A film of ice covers your body! The troll bites you!
* * * LOW HITPOINT WARNING * * *
The troll claws you but does no damage. The troll barely misses you.
Drink which item? (? for menu, Esc to quit)
You feel better. The troll bites you!
You die...

#..####........# ###
#..............# #..
#..#............<.#
#..
.#..#..............#
###
.....#######...######
.. .....#..#......#
.... #..#..#......#
..## #.....#......#
#......T@....#
#.....####...#
#........#...#
#..####..#...# #)/#
####...# ..........#
....# ### ##...#...#
. . #.. .... .....
#.. ... ._.#.$. #..


You could see a troll (bleeding).

Vanquished Creatures
  Grinder (D:4)
  Prince Ribbit (D:5)
  A wyvern (D:8)
  A hippogriff (D:9)
  Edmund (D:7)
  An orc warrior (D:6)
  A sky beast (D:6)
  A centaur (D:5)
  3 phantoms
  3 ogres
  3 ice beasts (D:7)
  A black bear (D:8)
  2 giant frogs
  Sigmund (D:2)
  Blork the orc (D:5)
  A scorpion (D:7)
  A goliath beetle (D:7)
  4 wights (D:7)
  2 crimson imps
  4 orc priests
  A jelly (D:6)
  4 hounds
  5 orc wizards
  An elf skeleton (D:8)
  Natasha (thrice) (D:6)
  An iguana (D:4)
  5 worker ants
  A big kobold zombie (D:8)
  A sky beast zombie (D:5)
  An ogre zombie (D:6)
  Ijyb (D:2)
  A hound zombie (D:4)
  A scorpion zombie (D:6)
  10 adders
  A giant mite (D:8)
  A shadow imp (D:6)
  An orc skeleton (D:7)
  A worm (D:6)
  An adder skeleton (D:5)
  7 giant geckos
  An ooze (D:2)
  19 orcs
  13 bats
  2 bat skeletons
  3 giant cockroaches
  12 hobgoblins
  15 jackals
  4 quokkas
  A ball python (D:1)
  A giant cockroach zombie (D:5)
  7 giant newts
  17 goblins
  A hobgoblin skeleton (D:5)
  14 kobolds
  A kobold skeleton (D:5)
  14 rats
  A rat zombie (D:6)
  2 ballistomycetes (D:7)
210 creatures vanquished.

Vanquished Creatures (others)
  A giant spore (D:7)
1 creature vanquished.

Grand Total: 211 creatures vanquished

Notes
Turn   | Place    | Note
--------------------------------------------------------------
     0 | D:1      | MDvedh, the Ghoul Ice Elementalist, began the quest for the Orb.
     0 | D:1      | Reached XP level 1. HP: 14/14 MP: 2/2
   191 | D:1      | Reached skill level 1 in Unarmed Combat
   461 | D:1      | Reached XP level 2. HP: 11/20 MP: 0/3
  1020 | D:2      | Reached XP level 3. HP: 15/25 MP: 1/5
  1323 | D:2      | Noticed Ijyb
  1355 | D:2      | Killed Ijyb
  1355 | D:2      | Reached XP level 4. HP: 29/32 MP: 0/5
  1385 | D:2      | Reached skill level 4 in Unarmed Combat
  1571 | D:2      | Found a glowing silver altar of Zin.
  1724 | D:2      | Noticed Sigmund
  1738 | D:2      | Killed Sigmund
  1738 | D:2      | Reached skill level 5 in Unarmed Combat
  1738 | D:2      | Reached XP level 5. HP: 38/38 MP: 6/6
  2009 | D:2      | Found a basalt altar of Yredelemnul.
  2254 | D:3      | Reached skill level 1 in Armour
  2254 | D:3      | Reached XP level 6. HP: 41/45 MP: 0/8
  2258 | D:3      | Reached skill level 1 in Fighting
  2440 | D:3      | Reached skill level 6 in Unarmed Combat
  3167 | D:4      | Learned a level 3 spell: Ozocubu's Armour
  3167 | D:4      | Noticed Grinder
  3205 | D:4      | Paralysed by Grinder for 6 turns
  3226 | D:4      | Paralysed by Grinder for 3 turns
  3238 | D:4      | Killed Grinder
  3238 | D:4      | Reached skill level 7 in Unarmed Combat
  3238 | D:4      | Reached skill level 1 in Charms
  3238 | D:4      | Reached XP level 7. HP: 35/56 MP: 8/8
  3436 | D:5      | Entered Level 5 of the Dungeon
  3516 | D:5      | Noticed Blork the orc
  3538 | D:5      | Killed Blork the orc
  3681 | D:5      | Noticed Prince Ribbit
  3700 | D:5      | Reached XP level 8. HP: 44/62 MP: 2/10
  3709 | D:5      | Reached skill level 8 in Unarmed Combat
  3714 | D:5      | Killed Prince Ribbit
  3766 | D:5      | Found a staircase to the Ecumenical Temple.
  3798 | Temple   | Entered the Ecumenical Temple
  3816 | Temple   | Became a worshipper of Makhleb the Destroyer
  4311 | D:5      | Reached skill level 9 in Unarmed Combat
  4548 | D:6      | Noticed Natasha
  4559 | D:6      | Killed Natasha
  4602 | D:6      | Acquired Makhleb's first power
  5273 | D:6      | Found a shadowy altar of Dithmenos.
  5289 | D:6      | Found a snail-covered altar of Cheibriados.
  5293 | D:6      | Found a white marble altar of Elyvilon.
  5296 | D:6      | Found a basalt altar of Yredelemnul.
  5300 | D:6      | Found a radiant altar of Vehumet.
  5399 | D:6      | Noticed Natasha
  5406 | D:6      | Killed Natasha
  5448 | D:6      | Noticed Natasha
  5455 | D:6      | Killed Natasha
  5578 | D:6      | Reached skill level 10 in Unarmed Combat
  5578 | D:6      | Reached XP level 9. HP: 25/65 MP: 11/11
  5587 | D:6      | Acquired Makhleb's second power
  5832 | D:7      | Noticed Edmund
  5836 | D:7      | Found a snail-covered altar of Cheibriados.
  5860 | D:7      | Killed Edmund
  6242 | D:7      | Reached skill level 11 in Unarmed Combat
  6242 | D:7      | Reached skill level 5 in Charms
  6382 | D:7      | Acquired Makhleb's third power
  6927 | D:8      | Got a crude scale mail
  6944 | D:8      | Identified the +5 scale mail of Qoacuzala {rF+ Int+4 Slay-1 Stlth++} (You found it on level 8 of the Dungeon)
  7315 | D:8      | Found a staircase to the Lair.
  7609 | D:9      | Acquired Makhleb's fourth power
  7609 | D:9      | Reached XP level 10. HP: 72/76 MP: 11/11
  7691 | D:9      | Reached skill level 12 in Unarmed Combat
  7713 | D:9      | Found a radiant altar of Vehumet.
  7736 | D:9      | Slain by a troll

Action                   |  1- 3 |  4- 6 |  7- 9 | 10-12 || total
-------------------------+-------+-------+-------+-------++-------
Melee: Unarmed           |   115 |   173 |   491 |    19 ||   798
 Cast: Freeze            |    24 |    21 |    27 |       ||    72
       Ozocubu's Armour  |       |       |     7 |     1 ||     8
Evoke: Wand              |       |       |       |     1 ||     1
  Use: Scroll            |       |    11 |     9 |       ||    20
       Potion            |       |     3 |     4 |     1 ||     8
 Stab: Sleeping          |     2 |     4 |     3 |       ||     9
       Fleeing           |       |       |     1 |       ||     1
  Eat: Chunk             |     5 |     4 |    19 |       ||    28
       Pizza             |       |       |     1 |       ||     1
